 Dungeon Crawl Stone Soup version 0.29.1-1-gd02db6906a (webtiles) character file.

Game seed: 5151115508488814930

4242 Earthwalker the Fighter (level 10, -6/91 HPs)
             Began as a Minotaur Fighter on Oct 22, 2022.
             Succumbed to Grum's poison
             ... on level 8 of the Dungeon.
             The game lasted 00:16:24 (7469 turns).

Earthwalker the Fighter (Minotaur Fighter)          Turns: 7469, Time: 00:16:24

Health: -6/91      AC: 17    Str: 25    XL:     10   Next: 9%
Magic:  9/9        EV:  8    Int:  5    God:
Gold:   583        SH: 13    Dex: 16    Spells: 9/9 levels left

rFire   . . .      SeeInvis .   a - +0 war axe
rCold   . . .      Faith    .   v - +2 kite shield
rNeg    . . .      Spirit   .   t - +0 plate armour
rPois   +          Reflect  .   (helmet restricted)
rElec   .          Harm     .   h - +2 cloak
rCorr   .          Rampage  .   (no gloves)
Will    .....                   (no boots)
Stlth   ..........              (no amulet)
HPRegen 0.25/turn               j - +6 ring of dexterity
MPRegen 0.11/turn               G - ring of poison resistance

@: lethally poisoned (-6 -> -39)
A: horns 2, retaliatory headbutt
a: no special abilities


You were on level 8 of the Dungeon.
You visited 2 branches of the dungeon, and saw 9 of its levels.
You also visited: Sewer.

You collected 583 gold pieces.

Inventory:

Hand Weapons
 a - a +0 war axe (weapon)
Missiles
 u - 29 poisoned darts (quivered)
 F - 2 throwing nets
 K - 6 curare-tipped darts
 S - 2 boomerangs
Armour
 b - a +0 scale mail
 c - a +0 buckler
 h - a +2 cloak (worn)
 t - a +0 plate armour (worn)
 v - a +2 kite shield (worn)
Jewellery
 j - a +6 ring of dexterity (left hand)
 x - a ring of fire
 G - a ring of poison resistance (right hand)
 H - a +6 ring of dexterity
 T - a +4 ring of protection
Wands
 D - a wand of quicksilver (22)
 I - a wand of roots (5)
 J - a wand of polymorph (10)
 P - a wand of mindburst (9)
 Q - a wand of charming (11)
 U - a wand of flame (27)
Scrolls
 g - a scroll of vulnerability
 k - a scroll of fear
 n - 4 scrolls of noise
 o - 2 scrolls of amnesia
 q - 2 scrolls of enchant armour
 s - 3 scrolls of teleportation
 y - 3 scrolls of blinking
 B - 2 scrolls of immolation
 C - a scroll of poison
 M - 2 scrolls of magic mapping
 N - 4 scrolls of butterflies
 R - a scroll of enchant weapon
Potions
 d - 2 potions of might
 e - a potion of flight {unknown}
 f - 8 potions of curing {unknown}
 i - 3 potions of mutation {unknown}
 l - a potion of cancellation {unknown}
 m - a potion of haste {unknown}
 p - 2 potions of lignification {unknown}
 r - 2 potions of resistance {unknown}
 w - 2 potions of degeneration {unknown}
 z - a potion of heal wounds {unknown}
 A - a potion of berserk rage {unknown}
 E - a potion of attraction {unknown}
 L - 3 potions of invisibility {unknown}


   Skills:
 * Level 9.1 Fighting
 * Level 8.6 Axes
 * Level 9.1 Armour
 + Level 5.2 Dodging
 * Level 9.1 Shields


You had 9 spell levels left.
You didn't know any spells.
Your spell library contained the following spells:

 Spells                   Type           Power      Damage    Failure   Level
 Magic Dart               Conj           0%         1d3       100%        1
 Searing Ray              Conj           0%         2d4       100%        2
 Gell's Gravitas          Tloc           0%         N/A       100%        3
 Lesser Beckoning         Tloc           0%         N/A       100%        3
 Teleport Other           Tloc           0%         N/A       100%        3
 Fulminant Prism          Conj/Hex       0%         3d6       100%        4


Dungeon Overview and Level Annotations

Branches:
Dungeon (8/15)             Temple (1/1) D:7            Lair (0/5) D:8
  Sewer (visited)

Altars:
Ashenzari
Cheibriados
Elyvilon
Fedhas
Gozag
Hepliaklqana
Makhleb
Nemelex Xobeh
Qazlal
Ru
Sif Muna
Trog
Vehumet
Xom
Yredelemnul
Zin

Shops:
D:5 [

Annotations:
D:8 Grum


Innate Abilities, Weirdness & Mutations

You have a pair of horns on your head.
You reflexively headbutt those who attack you in melee.


Message History

Grum hits you with a +1 glaive of venom!
You closely miss Grum.
Grum is lightly wounded.
You block Grum's attack.
You closely miss Grum.
Grum is lightly wounded.
You closely miss the wolf. The wolf bites you but does no damage.
You block Grum's attack. You block the wolf's attack.
Grum hits you with a +1 glaive of venom!!
You barely miss Grum. You headbutt Grum.
Grum is moderately wounded.
You slash the wolf! You block the wolf's attack.
The wolf bites you but does no damage. You block Grum's attack.
You slice Grum!!
Grum is severely wounded.
You barely miss the wolf. The wolf closely misses you. You furiously retaliate!
You headbutt the wolf!
You kill the wolf!
You block Grum's attack.
You hit Grum but do no damage.
Grum is severely wounded.
Grum hits you with a +1 glaive of venom!
You are poisoned.
You barely miss Grum. Your headbutt misses Grum.
Grum is severely wounded.
You feel very sick.
Grum hits you with a +1 glaive of venom!
You are lethally poisoned!
You hit Grum. You headbutt Grum.
Grum is almost dead.
* * * LOW HITPOINT WARNING * * *
You feel extremely sick.
Grum hits you with a +1 glaive of venom!
* * * LOW HITPOINT WARNING * * *
Grum hits you with a +1 glaive of venom!
* * * LOW HITPOINT WARNING * * *
You are more poisoned.
You hit Grum.
Grum is almost dead.
You die...

#.# #.#g.......P..#
#.####.##......(..##
#####.##.g.####.....###
#........### #(..###
..###.#### #.### #.#
#######.#### ...
#.......[..# ..h.
#......g([.#
#..!.##.......@<.#
#....#############
#....#


You could see Grum.

Vanquished Creatures
  An elephant (D:8)
  Grinder (D:4)
  Sigmund (D:4)
  A steam dragon (D:7)
  A yak (D:8)
  A basilisk (D:8)
  Menkaure (D:5)
  A water moccasin (D:8)
  Duvessa (D:6)
  A sky beast (D:7)
  2 ice beasts
  2 orc warriors
  2 black bears
  2 wolves
  An ogre (D:4)
  6 kobold brigands
  7 necrophages
  A bullfrog (D:7)
  4 scorpions
  Dowan (D:6)
  3 killer bees (D:7)
  A howler monkey (D:6)
  A jelly (D:7)
  2 orc priests
  5 iguanas
  2 orc wizards (D:7)
  5 gnolls
  18 adders
  A river rat (Sewer)
  4 white imps
  2 worms (Sewer)
  2 dart slugs
  18 orcs
  7 bats
  12 endoplasms
  5 giant cockroaches
  2 goblins (D:1)
  7 hobgoblins
  5 jackals
  9 kobolds
  3 quokkas
  13 ball pythons
  3 frilled lizards (D:1)
  5 rats
173 creatures vanquished.

Vanquished Creatures (others)
  4 plants
  3 toadstools (D:1)
7 creatures vanquished.

Grand Total: 180 creatures vanquished

Notes
Turn   | Place    | Note
-------+----------+-------------------------------------------
     0 | D:1      | Earthwalker the Minotaur Fighter began the quest for the
                  | Orb.
     0 | D:1      | Reached XP level 1. HP: 19/19 MP: 0/0
    34 | D:1      | Reached XP level 2. HP: 19/27 MP: 1/1
   616 | D:1      | Reached XP level 3. HP: 33/33 MP: 2/2
  1149 | D:2      | Reached skill level 1 in Dodging
  1496 | D:2      | Found a faded altar of an unknown god.
  1611 | D:2      | Reached XP level 4. HP: 40/40 MP: 3/3
  1799 | D:3      | Found a sparkling altar of Nemelex Xobeh.
  2295 | D:4      | You fall into a shaft and drop 1 floor!
  2295 | D:5      | Entered Level 5 of the Dungeon
  2330 | D:5      | Noticed a necrophage
  2338 | D:5      | Killed a necrophage
  2339 | D:5      | Reached XP level 5. HP: 47/47 MP: 4/4
  2414 | D:4      | Noticed Grinder
  2422 | D:4      | Noticed an ogre
  2429 | D:4      | Killed an ogre
  2430 | D:4      | Reached skill level 5 in Armour
  2431 | D:4      | Paralysed by Grinder for 3 turns
  2437 | D:4      | Killed Grinder
  2438 | D:4      | Reached skill level 5 in Fighting
  2438 | D:4      | Reached skill level 5 in Shields
  2438 | D:4      | Reached XP level 6. HP: 28/56 MP: 5/5
  3207 | D:4      | Noticed Sigmund
  3211 | D:4      | Killed Sigmund
  3212 | D:4      | Reached XP level 7. HP: 62/62 MP: 6/6
  3358 | D:5      | Reached skill level 5 in Axes
  3422 | D:5      | Noticed Menkaure
  3435 | D:5      | Killed Menkaure
  3652 | D:5      | Noticed a kobold demonologist
  3652 | D:5      | Noticed a yak
  3754 | D:5      | Found Cupowem's Antique Armour Shop.
  3912 | D:6      | Reached XP level 8. HP: 66/71 MP: 7/7
  3922 | D:6      | Noticed Duvessa
  3923 | D:6      | Noticed Dowan
  3963 | D:6      | Killed Duvessa
  3973 | D:6      | Killed Dowan
  4064 | D:6      | Found a glowing drain.
  4089 | Sewer    | Entered a sewer
  4876 | D:6      | Found a hazy altar of Hepliaklqana.
  5074 | D:6      | Reached XP level 9. HP: 78/79 MP: 8/8
  5451 | D:7      | Found a staircase to the Ecumenical Temple.
  5502 | Temple   | Entered the Ecumenical Temple
  6357 | D:7      | Found a white marble altar of Elyvilon.
  6549 | D:8      | Noticed an elephant
  6578 | D:8      | Killed an elephant
  6579 | D:8      | Reached skill level 5 in Dodging
  6806 | D:8      | Found a staircase to the Lair.
  6823 | D:8      | Reached XP level 10. HP: 58/91 MP: 9/9
  7242 | D:8      | Noticed Grum
  7468 | D:8      | HP: 2/91 [Grum/+1 glaive of venom (12)]
  7469 | D:8      | Succumbed to Grum's poison

Illustrated notes

Levels and vault maps discovered:
D:1:      dpeg_arrival_rhombus, layout_basic, minmay_gold_behind_fungi
D:2:      kennysheep_big_flooded_room, layout_rooms,
          hellmonk_ecumenical_altar_heavens_door, grunt_decor_junction,
          hangedman_glass_teeth, serial_bayou_crossing
D:3:      layout_rooms, old_standard_altar
D:4:      layout_basic, uniq_sigmund, uniq_grinder
D:5:      layout_rooms, serial_shops, nicolae_shop_crystal,
          lightli_corner_chamber, uniq_menkaure
D:6:      kennysheep_spiral_hall, layout_cave_pools, general_overflow_altar,
          gup_sewer_entry_glass, uniq_duvessa
D:7:      layout_rooms, nicolae_elyvilon_peaceful_grove,
          minmay_temple_entry_ruins, minmay_puff
D:8:      minmay_opposing_rooms, layout_rooms, david_lair_generic, uniq_maurice,
          uniq_grum, uniq_gastronok
Temple:   oiseaux_autumnal_temple

Skill      XL: |  1  2  3  4  5  6  7  8  9 |
---------------+----------------------------+-----
Shields        | 4 5 6 7 9 |  9.1
Armour         | 4 5 6 7 9 |  9.1
Fighting       | 4 5 6 7 9 |  9.1
Axes           | 3 4 5 7 8 |  8.6
Dodging        | 1 2 3 4 5 |  5.2

Action                   |  1- 3 |  4- 6 |  7- 9 | 10-12 || total
-------------------------+-------+-------+-------+-------++-------
Melee: War axe           |    80 |    82 |   370 |    33 ||   565
       Headbutt          |     7 |    12 |    68 |     7 ||    94
       Unarmed           |       |       |     1 |       ||     1
  Use: Scroll            |       |       |    12 |       ||    12
Armor: Scale mail        |    46 |     2 |       |       ||    48
       Plate armour      |       |    39 |   180 |     8 ||   227
Dodge: Dodged            |    55 |    18 |    73 |     7 ||   153
Block: Buckler           |    17 |     1 |       |       ||    18
       Kite shield       |       |    42 |   250 |    30 ||   322
